 Dungeon Crawl Stone Soup version 0.29.1-12-g30fa7ad0bf (webtiles) character file.

Game seed: 11692608080594359114

172 Flaz the Ruffian (level 5, -5/46 HPs)
             Began as a Ghoul Monk on Dec 15, 2022.
             Slain by a gnoll
             ... wielding a +0 spear
              (7 damage)
             ... on level 4 of the Dungeon.
             The game lasted 00:06:21 (3239 turns).

Flaz the Ruffian (Ghoul Monk)                       Turns: 3239, Time: 00:06:21

Health: -5/46      AC:  3    Str: 17    XL:     5   Next: 52%
Magic:  4/4        EV: 12    Int:  5    God:
Gold:   177        SH:  0    Dex: 11    Spells: 4/4 levels left

rFire   . . .      SeeInvis .     - Unarmed
rCold   + . .      Faith    .   (no shield)
rNeg    + + +      Spirit   .   h - +0 leather armour
rPois   ∞          Reflect  .   (no helmet)
rElec   .          Harm     .   (no cloak)
rCorr   .          Rampage  .   (no gloves)
Will    .....                   (no boots)
Stlth   ++........              (no amulet)
HPRegen 0.00/turn               (no ring)
MPRegen 0.09/turn               (no ring)

@: inhibited regen
A: claws 1, cold resistance 1, negative energy resistance 3, inhibited
regeneration, torment resistance 2, devour on kill
a: no special abilities


You were on level 4 of the Dungeon.
You visited 1 branch of the dungeon, and saw 4 of its levels.

You collected 177 gold pieces.

Inventory:

Missiles
 a - 12 poisoned darts (quivered)
 k - 7 boomerangs
Armour
 h - a +0 leather armour (worn)
Jewellery
 b - the ring of Nuoffosm {Fly rC+}
   (You took it off a hobgoblin on level 4 of the Dungeon)

   [ring of protection from cold]

   rC:        It protects you from cold.
   Fly:       It grants you flight.
 l - a ring of wizardry
Scrolls
 c - a scroll of enchant armour {unknown}
 g - a scroll of enchant weapon {unknown}
 m - a scroll of immolation {unknown}
 n - a scroll of silence {unknown}
 o - a scroll of fear {unknown}
 p - a scroll of teleportation {unknown}
 q - a scroll of magic mapping {unknown}
 t - 2 scrolls of identify {unknown}
 u - a scroll of vulnerability {unknown}
Potions
 d - a potion of brilliance
 f - 3 potions of magic
 j - a potion of heal wounds {unknown}
 r - a potion of flight {unknown}
 s - a potion of degeneration {unknown}


   Skills:
 + Level 4.3 Fighting
 + Level 3.6 Dodging
 + Level 3.7 Stealth
 + Level 4.3 Unarmed Combat


You had 4 spell levels left.
You didn't know any spells.
Your spell library was empty.

Dungeon Overview and Level Annotations

Branches:
Dungeon (4/15)
 Temple: D:4-7

Altars:

Annotations:
D:1 1 runed translucent door


Innate Abilities, Weirdness & Mutations

You are immune to poison.
You have sharp fingernails.
Your flesh is cold resistant. (rC+)
You are immune to negative energy. (rN+++)
You do not regenerate when monsters are visible.
You are immune to unholy pain and torment.
You thrive by killing the living.


Message History

The gnoll shouts!
The gnoll moves out of view.
A gnoll comes into view. It is wielding a +0 spear.
A gnoll comes into view. It is wielding a +0 spear.
The gnoll shouts!
There are monsters nearby!
The gnoll throws a throwing net.
The throwing net hits you.
You become entangled in the net!
You see here a throwing net.
You struggle against the net.
The gnoll hits you from afar with a +0 spear!
The gnoll hits you with a +0 whip.
You tear a large gash into the net.
The gnoll hits you from afar with a +0 spear. x2
You rip the net and break free!
The gnoll closely misses you. The gnoll misses you.
The gnoll hits you from afar with a +0 spear.
The gnoll barely misses you. The gnoll attacks as you move away!
The gnoll closely misses you. The gnoll attacks as you move away!
The gnoll closely misses you. The gnoll attacks as you move away!
The gnoll closely misses you. The gnoll attacks as you move away!
The gnoll closely misses you. The gnoll attacks as you move away!
The gnoll hits you with a +0 whip. The gnoll attacks as you move away!
The gnoll barely misses you. The gnoll attacks as you move away!
The gnoll hits you with a +0 whip!
* * * LOW HITPOINT WARNING * * *
The gnoll attacks as you move away! The gnoll hits you with a +0 whip.
* * * LOW HITPOINT WARNING * * *
It was a potion of magic.
Magic courses through your body. The gnoll closely misses you.
The gnoll hits you from afar with a +0 spear.
* * * LOW HITPOINT WARNING * * *
It was a potion of curing.
You feel better.
The gnoll hits you from afar with a +0 spear!
* * * LOW HITPOINT WARNING * * *
It was a potion of lignification.
You feel woody for a moment. The gnoll hits you with a +0 whip.
* * * LOW HITPOINT WARNING * * *
The gnoll hits you from afar with a +0 spear!
You die...

#......# #.#
......# #.# ......#
#.# # #....## #.#
#.+.....# #.#
#.#)....####.#
#............#
#......g...#.#
#......@.g.#g#
#....#######.#
#.......g....#
##...#########..###
.. ##.........
..... ...
###.)##.....
#....###.# #....#
..## #........#
#....# .# .......#
#....####.# #.....#


You could see 2 gnolls.

Vanquished Creatures
  Jessica (D:3)
  An orc wizard (D:4)
  3 gnolls (D:3)
  An adder (D:3)
  2 worms (D:2)
  2 dart slugs
  4 orcs (D:4)
  3 bats
  5 endoplasms
  2 giant cockroaches (D:2)
  10 hobgoblins
  6 kobolds
  2 quokkas (D:1)
  8 ball pythons
  3 frilled lizards
  8 goblins
  6 rats
67 creatures vanquished.

Notes
Turn   | Place    | Note
-------+----------+-------------------------------------------
     0 | D:1      | Flaz the Ghoul Monk began the quest for the Orb.
     0 | D:1      | Reached XP level 1. HP: 19/19 MP: 0/0
     1 | D:1      | Found a runed translucent door.
   385 | D:1      | Reached XP level 2. HP: 26/26 MP: 1/1
   456 | D:1      | You fall into a shaft and drop 1 floor!
   662 | D:1      | Found a faded altar of an unknown god.
   742 | D:1      | Reached XP level 3. HP: 31/31 MP: 2/2
  1968 | D:3      | Reached XP level 4. HP: 40/40 MP: 3/3
  2516 | D:3      | Noticed Jessica
  2523 | D:3      | Killed Jessica
  2524 | D:3      | Reached XP level 5. HP: 43/46 MP: 4/4
  3048 | D:4      | Identified the ring of Nuoffosm {Fly rC+}
  3237 | D:4      | HP: 2/46 [gnoll/+0 spear (2)]
  3239 | D:4      | Slain by a gnoll

Illustrated notes

Levels and vault maps discovered:
D:1:      dpeg_arrival_caged_fury, layout_rooms,
          shapermc_ecumenical_altar_notcrosses, serial_rivers,
          chequers_serial_rivers_large_a, chequers_serial_rivers_micro_e,
          chequers_serial_rivers_room_a, chequers_serial_rivers_micro_b,
          chequers_serial_rivers_small_b, chequers_serial_rivers_micro_b
D:2:      layout_basic, minmay_tiny_reverse_x
D:3:      layout_loops_cross, uniq_jessica
D:4:      due_chaos_kobolds, layout_basic, serial_shops,
          nicolae_shop_hallway_stairs, minmay_checkerbox

Skill      XL: |  1  2  3  4 |
---------------+-------------+-----
Dodging        | 3 |  3.6
Stealth        | 3 |  3.7
Unarmed Combat | 4 |  4.3
Fighting       | 4 |  4.3

Action                   |  1- 3 |  4- 6 || total
-------------------------+-------+-------++-------
Melee: Unarmed           |   122 |    76 ||   198
       Punch             |     3 |     1 ||     4
Throw: Dart              |       |    19 ||    19
  Use: Potion            |       |     5 ||     5
 Stab: Sleeping          |     5 |     3 ||     8
Armor: Robe              |     1 |       ||     1
       Leather armour    |    16 |    17 ||    33
Dodge: Dodged            |    71 |    72 ||   143
